[Event "22nd Hoogeveen Open 2018"]
[Site "Hoogeveen"]
[Date "2018.10.25"]
[Round "7"]
[White "Jelic, Bruno"]
[Black "Emans, Job"]
[Result "1-0"]
[ECO "E12"]
[WhiteElo "2076"]
[BlackElo "1927"]
[Annotator "NA"]
[PlyCount "103"]
[EventDate "2018.10.20"]
[EventType "swiss"]
[EventCountry "NED"]
[SourceTitle "playchess.com"]
[Source "ChessBase"]
[SourceQuality "1"]
[TimeControl "40/5400+30:1800+30"]

1. d4 Nf6 2. c4 e6 3. Nf3 b6 4. a3 Bb7 5. Nc3 d5 6. cxd5 Nxd5 7. Qc2 c5 {[%emt 0:03:31] LiveBook: 140 Partien} 8. e4 {[%emt 0:02:05] E12: Queen's Indian: Unusual White 4th moves, 4 a3, 4 Nc3 Bb7 5 a3 and 4 Nc3 Bb7} (8. dxc5 Bxc5 9. Bg5 f6 10. Bd2 O-O 11. e3 Nd7 12. Bd3 f5 13. O-O Nxc3 14. Bxc3 Bxf3 15. gxf3 Qh4 16. Kh1 Be7 17. Bb5 {½-½ (34) Korotylev,A (2573)-Tomashevsky,E (2710) Sochi 2017}) 8... Nf6 (8... Nxc3 $11 9. bxc3 Nd7) 9. Bb5+ Nbd7 10. dxc5 $146 ({Predecessor:} 10. d5 exd5 11. e5 Ne4 12. e6 fxe6 13. Nxe4 a6 14. Bxd7+ Qxd7 15. Neg5 Bd6 {½-½ (35) Nielsen,J (2125)-Van den Brink,N (1686) Helsingor 2017}) 10... Bxc5 11. Bg5 a6 12. Be2 Qc7 13. Rc1 Rc8 14. O-O O-O 15. Bd3 Ne5 16. Qe2 Nxd3 17. Qxd3 Rfd8 18. Qe2 h6 19. Bxf6 gxf6 20. b4 Bd6 21. g3 Qc4 22. Qe3 Kg7 $2 (22... Qb3 $15 {stays ahead.} 23. Qxb6 Ba8) 23. Nd5 Qb5 24. Nd4 Qe8 {[%emt 0:00:09] [#]} 25. Nxb6 (25. Rxc8 $1 $16 Rxc8 26. Nxb6) 25... Rxc1 26. Rxc1 Be5 27. Nf3 Bb2 28. Rb1 Bxa3 29. Nc4 Qc6 30. Nxa3 ({Keinesfalls} 30. Nfd2 $6 Rxd2 31. Nxd2 Bc1 $16) 30... Qxe4 31. Qxe4 Bxe4 32. Rb3 Rd1+ 33. Kg2 Rc1 34. g4 h5 35. gxh5 Kh6 36. b5 axb5 37. Nxb5 Kxh5 38. Nc3 Bd3 39. Na2 Bf1+ {[%emt 0:00:50] [#]} 40. Kg3 $1 Ra1 41. Nc3 Bd3 42. h4 Rh1 43. Rb8 e5 44. Nd5 Bf1 45. Rh8+ (45. Nxf6+ $142 Kg6 46. Rb6) 45... Kg6 46. Rg8+ Kh6 47. Nxf6 Rh3+ 48. Kg4 Rh1 49. Ng5 Bc4 50. Kf5 Re1 51. Ng4+ Kh5 52. Rh8# 1-0

[Event "22nd Hoogeveen Open 2018"]
[Site "Hoogeveen"]
[Date "2018.10.25"]
[Round "7"]
[White "Minko, Dmitry"]
[Black "Biermann, Lenhard"]
[Result "1-0"]
[ECO "C18"]
[WhiteElo "2011"]
[BlackElo "2153"]
[Annotator "NA"]
[PlyCount "51"]
[EventDate "2018.10.20"]
[EventType "swiss"]
[EventCountry "NED"]
[SourceTitle "playchess.com"]
[Source "ChessBase"]
[SourceQuality "1"]
[TimeControl "40/5400+30:1800+30"]

1. e4 e6 2. d4 d5 3. Nc3 Bb4 4. e5 c5 5. a3 cxd4 6. axb4 dxc3 7. Nf3 Nd7 {[%emt 0:00:16] C18: French: 3 Nc3 Bb4: Main line: 7 h4 and 7 Qg4} (7... Ne7 8. Bd3 Ng6 9. O-O Nc6 10. Bxg6 hxg6 11. bxc3 Qc7 12. Re1 Bd7 13. Bg5 Ne7 14. Qd3 a6 15. Nd4 Rc8 16. Bxe7 Kxe7 {½-½ (24) Neumann,J (2712)-Wiacek,K (2528) ICCF email 2006}) 8. Bd3 Ne7 {[%emt 0:01:06] LiveBook: 7 Games} 9. Qe2 Nc6 $146 ({Predecessor:} 9... Qc7 10. O-O Nc6 11. bxc3 Ncxe5 12. Bf4 Nxf3+ 13. Qxf3 Qxc3 14. Bd6 Qf6 15. Qg3 e5 16. Bxe5 Nxe5 {0-1 (46) Migot,T (2050)-Renaudin,M (2146) Pau 2008}) 10. b5 Nb4 11. bxc3 Nxd3+ 12. cxd3 Qc7 {[%emt 0:04:16] [#]} (12... O-O $16) 13. O-O $1 Nc5 {[%emt 0:03:53] [#]} 14. Ba3 $1 Bd7 15. Rfb1 b6 16. Nd2 h5 17. d4 Nb7 18. c4 dxc4 19. Nxc4 f5 20. Rc1 Bxb5 21. Qf3 ({Less strong is} 21. Nd6+ Qxd6 22. Qxb5+ Qd7 $16) 21... Bc6 22. Nd6+ Qxd6 23. Rxc6 Qd7 24. Rac1 Kd8 25. Qg3 $18 Re8 26. Qg5+ 1-0

[Event "22nd Hoogeveen Open 2018"]
[Site "Hoogeveen"]
[Date "2018.10.25"]
[Round "7"]
[White "Van Randtwijk, Mick"]
[Black "Biermann, Florian"]
[Result "0-1"]
[ECO "A47"]
[WhiteElo "1979"]
[BlackElo "2024"]
[Annotator "NA"]
[PlyCount "102"]
[EventDate "2018.10.20"]
[EventType "swiss"]
[EventCountry "NED"]
[SourceTitle "playchess.com"]
[Source "ChessBase"]
[SourceQuality "1"]
[TimeControl "40/5400+30:1800+30"]

1. d4 Nf6 2. Nf3 b6 3. Bf4 d6 4. e3 g6 5. c4 Bg7 6. Nc3 O-O 7. Be2 Bb7 8. h3 Nfd7 9. Bg3 e5 10. d5 Nc5 11. h4 h6 12. Nd2 f5 13. f3 a5 14. e4 a4 15. Qc2 Bc8 16. Bf2 a3 17. b4 Nca6 18. Rb1 Nd7 19. Bd3 f4 20. Nb5 Nf6 21. Qb3 Bd7 22. Nxa3 g5 23. hxg5 hxg5 24. Nc2 Kf7 25. c5 bxc5 26. Bxa6 Rxa6 27. bxc5 Qa8 28. c6 Bc8 29. a3 g4 30. Nc4 gxf3 31. gxf3 Ra4 32. Nb2 Qa5+ 33. Kd1 Rxe4 34. fxe4 Nxe4 35. Be1 Bg4+ 36. Kc1 Nc5 37. Qc4 Qa8 38. Nd3 Be2 39. Nxe5+ Bxe5 40. Qxe2 Rh8 41. Rxh8 Qxh8 42. Qf3 Qh2 43. Bf2 Qxf2 44. Qxf2 Nd3+ 45. Kd2 Nxf2 46. Rb7 Kf6 47. Rxc7 Ne4+ 48. Kd3 Nc5+ 49. Ke2 Kf5 50. Rf7+ Ke4 51. c7 Kxd5 0-1

[Event "22nd Hoogeveen Open 2018"]
[Site "Hoogeveen"]
[Date "2018.10.25"]
[Round "7"]
[White "Maters, Arthur"]
[Black "Wedda, Dries"]
[Result "1/2-1/2"]
[ECO "B90"]
[WhiteElo "1933"]
[BlackElo "2216"]
[Annotator "NA"]
[PlyCount "47"]
[EventDate "2018.10.20"]
[EventType "swiss"]
[EventCountry "NED"]
[SourceTitle "playchess.com"]
[Source "ChessBase"]
[SourceQuality "1"]
[TimeControl "40/5400+30:1800+30"]

1. e4 c5 2. Nf3 d6 3. d4 cxd4 4. Nxd4 Nf6 5. Nc3 a6 6. Rg1 b5 7. g4 {[%emt 0:00:07] B90: Sizilianisch (Najdorf-Variante, Abweichungen)} Bb7 8. Bg2 e5 {[%emt 0:15:17] LiveBook: 4 Games} 9. Nf5 b4 10. g5 bxc3 11. gxf6 Qxf6 12. bxc3 Nd7 $2 $146 ({Vorgänger:} 12... g6 $1 $15 {bleibt weiter vorne.} 13. Rb1 Bc6 14. Ne3 Nd7 {½-½ (32) Morais,G (2337)-Siikaluoma,A (2533) ICCF email 2009}) 13. Bh3 h6 {[%emt 0:06:55] [#]} ({Don't blunder} 13... Bxe4 $2 14. Bg5 $18) 14. Ba3 $1 Nc5 15. Bxc5 dxc5 16. Nxg7+ Bxg7 17. Qd7+ Kf8 18. Qxb7 Rd8 19. Ke2 Qh4 20. Bf5 Bf6 21. Rg4 Qxh2 22. Rag1 Bh4 $11 23. R1g2 Qh1 24. Rg1 1/2-1/2

[Event "22nd Hoogeveen Open 2018"]
[Site "Hoogeveen"]
[Date "2018.10.25"]
[Round "7"]
[White "Shakhverdian, William"]
[Black "Achuthan, Dylan"]
[Result "1-0"]
[ECO "B94"]
[WhiteElo "1903"]
[BlackElo "1751"]
[Annotator "NA"]
[PlyCount "33"]
[EventDate "2018.10.20"]
[EventType "swiss"]
[EventCountry "NED"]
[SourceTitle "playchess.com"]
[Source "ChessBase"]
[SourceQuality "1"]
[TimeControl "40/5400+30:1800+30"]

1. e4 c5 2. Nf3 d6 3. d4 cxd4 4. Nxd4 Nf6 5. Nc3 a6 6. Bg5 Nbd7 7. Qe2 b5 8. O-O-O Bb7 9. Bxf6 Nxf6 10. e5 b4 11. exf6 bxc3 12. Nf5 e6 13. fxg7 Qg5+ 14. Qe3 cxb2+ 15. Kb1 Qxe3 16. gxh8=Q Qa7 17. Nxd6+ 1-0

[Event "22nd Hoogeveen Open 2018"]
[Site "Hoogeveen"]
[Date "2018.10.25"]
[Round "7"]
[White "Oord, Raymon"]
[Black "Van Dorp, Folke"]
[Result "0-1"]
[ECO "A01"]
[WhiteElo "1900"]
[BlackElo "2097"]
[Annotator "NA"]
[PlyCount "104"]
[EventDate "2018.10.20"]
[EventType "swiss"]
[EventCountry "NED"]
[SourceTitle "playchess.com"]
[Source "ChessBase"]
[SourceQuality "1"]
[TimeControl "40/5400+30:1800+30"]

1. b3 d5 2. Bb2 Bg4 3. h3 Bh5 4. d3 {[%emt 0:03:56] A01: Nimzowitsch-Larsen Opening} Nf6 (4... Nd7 5. g4 Bg6 6. f4 e6 7. Nf3 h5 8. g5 Ne7 9. Nh4 Nf5 10. Nxf5 Bxf5 11. Bg2 e5 {0-1 (54) Rapport,R (2692)-Vachier Lagrave,M (2796) Sharjah 2017}) 5. g4 Bg6 6. Bg2 e6 7. Nd2 h6 $146 ({Predecessor:} 7... c6 8. Ngf3 Nbd7 9. Ne5 Qc7 10. Nxd7 Nxd7 11. a3 f6 {1-0 (34) Bernwald,A-Meng,G Wallertheim 1994}) 8. e3 Bc5 9. Ne2 Nbd7 10. a3 a5 11. Qb1 ({White should try} 11. Nf4 $14) 11... c6 12. Nf3 O-O 13. Nf4 {[%emt 0:08:48] [#]} Bh7 $1 14. g5 hxg5 15. Nxg5 Bf5 16. h4 e5 17. Ne2 Bg6 (17... Re8 $17) 18. Bh3 Nh5 19. Rg1 Re8 20. Qd1 Ndf6 21. Ne6 Qb6 22. Nxc5 Qxc5 23. Bxe5 Rxe5 24. d4 Qe7 25. dxe5 Qxe5 26. Qd4 Qh2 27. Bg2 $1 Bxc2 28. Bf3 Bg6 29. Kd2 $2 (29. Rh1 $11 {and White has nothing to worry.} Qd6 30. Rg1) 29... Qd6 30. Bxh5 Nxh5 31. Ng3 c5 32. Qg4 (32. Qb2 $17 {was worth a try.} Nxg3 33. Rxg3) 32... Qe5 33. Rac1 d4 34. exd4 Rd8 35. Rc4 b5 36. Kc1 Rxd4 37. Rxd4 cxd4 38. Qc8+ (38. Nxh5 $11 {remains equal.} d3 39. Kd2 (39. Qc8+ $2 {Black should try} Kh7 $19 40. Rxg6 Qe1+ 41. Kb2 Qxf2+ 42. Kb1 Qe1+ 43. Ka2 (43. Qc1 $2 d2 $19) 43... Qe2+ 44. Kb1 fxg6 45. Nf6+ gxf6 46. Qc7+ Kg8 47. Qd8+ Kg7 48. Qc7+ Kh6 49. Qf4+ Kg7 50. Qc7+ Kf8 51. Qd8+ Kg7 52. Qc7+) 39... Bxh5 40. Qc8+ Kh7 41. Qc3 Qf4+ 42. Kxd3 Qf3+ 43. Kd4 Qf6+ 44. Kd3 Bg6+ 45. Rxg6 Qf3+ 46. Kd2 Qxf2+ 47. Kd1 Qf1+ 48. Kd2 Qf2+ 49. Kd1 Qf1+ 50. Kd2 Qf2+) 38... Kh7 39. Nxh5 Bxh5 40. Qc2+ Bg6 41. Qd2 d3 42. Kb1 Qd5 43. Kb2 a4 44. Qc3 Qf3 45. Qd2 $17 Qf6+ 46. Ka2 axb3+ 47. Kxb3 Bf5 48. Kb4 Qd4+ 49. Kxb5 Bd7+ 50. Ka6 Qd6+ 51. Ka5 Qc5+ 52. Ka6 Bc8# 0-1

[Event "22nd Hoogeveen Open 2018"]
[Site "Hoogeveen"]
[Date "2018.10.25"]
[Round "7"]
[White "Husers, Yannic"]
[Black "Hoffman, Ron"]
[Result "0-1"]
[ECO "B27"]
[WhiteElo "1866"]
[BlackElo "2060"]
[Annotator "NA"]
[PlyCount "52"]
[EventDate "2018.10.20"]
[EventType "swiss"]
[EventCountry "NED"]
[SourceTitle "playchess.com"]
[Source "ChessBase"]
[SourceQuality "1"]
[TimeControl "40/5400+30:1800+30"]

1. e4 c5 2. Nf3 g6 3. h4 d5 4. exd5 Qxd5 5. Nc3 Qd8 6. Bc4 Nf6 7. d3 Bg7 8. Bf4 O-O 9. Qd2 Nc6 10. O-O-O Bg4 11. Rde1 Bxf3 12. gxf3 Nd4 13. Qe3 b5 14. Nxb5 Nxb5 15. Bxb5 Nd5 16. Qxc5 Nxf4 17. Rxe7 Rc8 18. Qa3 Rb8 19. Rd7 Qc8 20. Qa4 Bxb2+ 21. Kd1 Qc5 22. Qxf4 Qxb5 23. Rxa7 Bd4 24. Re7 Qc5 25. Rc7 Rb1+ 26. Ke2 Re8+ 0-1

[Event "22nd Hoogeveen Open 2018"]
[Site "Hoogeveen"]
[Date "2018.10.25"]
[Round "7"]
[White "Brands, Kevin"]
[Black "De Vries, Emma"]
[Result "0-1"]
[ECO "E63"]
[WhiteElo "1862"]
[BlackElo "1905"]
[Annotator "NA"]
[PlyCount "124"]
[EventDate "2018.10.20"]
[EventType "swiss"]
[EventCountry "NED"]
[SourceTitle "playchess.com"]
[Source "ChessBase"]
[SourceQuality "1"]
[TimeControl "40/5400+30:1800+30"]

1. d4 Nf6 2. c4 g6 3. g3 Bg7 4. Bg2 d6 5. Nf3 O-O 6. O-O Nc6 7. Nc3 a6 8. Qc2 Rb8 9. a3 Na5 10. Nd5 Nxd5 11. cxd5 b5 12. Bd2 Nc4 13. Rac1 Bb7 14. b3 Nxd2 15. Nxd2 Bxd4 16. Qxc7 Bb6 17. Qxd8 Rfxd8 18. b4 Rbc8 19. Nb3 Rxc1 20. Rxc1 Rc8 21. Rxc8+ Bxc8 22. e4 Bg4 23. Na5 Bd4 24. Nc6 Bb2 25. f3 Bd7 26. Nxe7+ Kf8 27. Nc6 Bxc6 28. dxc6 Ke7 29. a4 Bd4+ 30. Kh1 bxa4 31. Bf1 a3 32. Bc4 f6 33. Kg2 Kd8 34. f4 Bc3 35. Kf3 Kc7 36. Bd5 Bxb4 37. g4 g5 38. fxg5 fxg5 39. Ke2 a2 40. Bxa2 Kxc6 41. Kd3 Kc5 42. Bb3 Ba3 43. Bf7 Bb2 44. Kc2 Be5 45. h3 Kd4 46. Bd5 Ke3 47. Bc6 Kf4 48. Kd3 Kg3 49. Ke2 Kxh3 50. Kf3 Kh2 51. Bd5 a5 52. Be6 a4 53. Bg8 a3 54. Be6 Kh3 55. Kf2 Kh4 56. Kf3 h5 57. gxh5 g4+ 58. Kg2 Kxh5 59. Ba2 Kg5 60. Bb3 Kf4 61. Bd5 Ke3 62. Kg1 Kf3 0-1

[Event "22nd Hoogeveen Open 2018"]
[Site "Hoogeveen"]
[Date "2018.10.25"]
[Round "7"]
[White "Boghossian, Wahe"]
[Black "Kutchoukov, Daniel"]
[Result "1/2-1/2"]
[ECO "B12"]
[WhiteElo "1748"]
[BlackElo "1882"]
[Annotator "NA"]
[PlyCount "104"]
[EventDate "2018.10.20"]
[EventType "swiss"]
[EventCountry "NED"]
[SourceTitle "playchess.com"]
[Source "ChessBase"]
[SourceQuality "1"]
[TimeControl "40/5400+30:1800+30"]

1. e4 c6 2. d4 d5 3. e5 Bf5 4. Nd2 e6 5. Nb3 Ne7 6. Nf3 Nd7 7. Be2 Nc8 8. O-O Be7 9. a4 a5 10. Bd2 b6 11. Ne1 O-O 12. Bg4 Bxg4 13. Qxg4 Re8 14. Bh6 Bf8 15. Bg5 Be7 16. Bh6 g6 17. f4 f5 18. Qf3 Bf8 19. Bxf8 Nxf8 20. Qc3 Ne7 21. Nf3 Qc7 22. Ng5 Kg7 23. Rf3 Ng8 24. Rh3 Ra7 25. Qg3 Qe7 26. c3 Rc8 27. Re1 Nh6 28. Qd3 Nf7 29. Nxf7 Qxf7 30. Nd2 Qe7 31. Nf3 Rb7 32. b3 Rbc7 33. Rg3 Rb8 34. h4 h5 35. Ng5 Nd7 36. Qf3 Kh6 37. Qd3 Rcb7 38. Qa6 Nf8 39. Ra1 Ra7 40. Qd3 Rc7 41. Kh2 c5 42. c4 Rd8 43. dxc5 dxc4 44. Qxc4 Rxc5 45. Qa6 Qc7 46. Rf1 Rd2 47. Qa8 Qc8 48. Qxc8 Rxc8 49. Nf7+ Kg7 50. Nd6 Rc6 51. Nc4 Rd4 52. Rff3 Kf7 1/2-1/2

[Event "22nd Hoogeveen Open 2018"]
[Site "Hoogeveen"]
[Date "2018.10.25"]
[Round "7"]
[White "Boghossian, Wahe"]
[Black "Kutchoukov, Daniel"]
[Result "1-0"]
[ECO "B72"]
[WhiteElo "1748"]
[BlackElo "1882"]
[Annotator "NA"]
[PlyCount "77"]
[EventDate "2018.10.20"]
[EventType "swiss"]
[EventCountry "NED"]
[SourceTitle "playchess.com"]
[Source "ChessBase"]
[SourceQuality "1"]
[TimeControl "40/5400+30:1800+30"]

1. e4 c5 2. Nf3 d6 3. d4 cxd4 4. Nxd4 Nf6 5. Nc3 a6 6. h3 Nc6 7. Be3 g6 8. Qd2 Bg7 9. O-O-O O-O 10. f3 Qc7 11. h4 b5 12. h5 Nxd4 13. Bxd4 e5 14. Be3 Nxh5 15. Nd5 Qd8 16. Bh6 Nf4 17. Bxg7 Kxg7 18. g3 Nh5 19. g4 Nf4 20. Nxf4 exf4 21. Qxf4 Rh8 22. Rxd6 Qe7 23. e5 Be6 24. Qh6+ Kg8 25. Be2 Rc8 26. Rhd1 Bxa2 27. R1d2 b4 28. Rd7 Qf8 29. Qg5 f6 30. exf6 Bf7 31. Qa5 Re8 32. Rd8 h5 33. Rxe8 Bxe8 34. Bc4+ Kh7 35. g5 Rg8 36. Qc7+ Kh8 37. Rd8 b3 38. Bxg8 Kxg8 39. Rxe8 1-0

[Event "22nd Hoogeveen Open 2018"]
[Site "Hoogeveen"]
[Date "2018.10.26"]
[Round "8"]
[White "Van Delft, Merijn"]
[Black "Giacomini, Hector"]
[Result "0-1"]
[ECO "C10"]
[WhiteElo "2381"]
[BlackElo "2178"]
[Annotator "NA"]
[PlyCount "54"]
[EventDate "2018.10.20"]
[EventType "swiss"]
[EventCountry "NED"]
[SourceTitle "playchess.com"]
[Source "ChessBase"]
[SourceQuality "1"]
[TimeControl "40/5400+30:1800+30"]

1. e4 e6 2. d4 d5 3. Nc3 dxe4 4. Nxe4 Nd7 5. Nf3 Ngf6 6. Nxf6+ Nxf6 7. Bd3 c5 8. Be3 Qc7 9. Qe2 Be7 10. O-O-O {[%emt 0:03:14] LiveBook: 15 Games} Bd7 11. Ne5 O-O 12. Kb1 $11 Rfd8 13. Nxd7 Rxd7 14. dxc5 Bxc5 15. Bg5 Be7 16. g3 Rad8 17. h4 Qb6 18. Ka1 Nd5 19. c3 Bf6 20. Qc2 h6 21. Bc1 Qa5 22. a3 Nxc3 23. Bh7+ Kh8 24. Rxd7 Rxd7 25. bxc3 Bxc3+ 26. Kb1 Qb5+ 27. Ka2 Qd5+ 0-1

[Event "22nd Hoogeveen Open 2018"]
[Site "Hoogeveen"]
[Date "2018.10.26"]
[Round "8"]
[White "Colijn, Stefan"]
[Black "De Jong, Migchiel"]
[Result "1/2-1/2"]
[ECO "A34"]
[WhiteElo "2340"]
[BlackElo "2309"]
[Annotator "NA"]
[PlyCount "25"]
[EventDate "2018.10.20"]
[EventType "swiss"]
[EventCountry "NED"]
[SourceTitle "playchess.com"]
[Source "ChessBase"]
[SourceQuality "1"]
[TimeControl "40/5400+30:1800+30"]

1. Nf3 c5 2. c4 Nf6 3. Nc3 d5 4. cxd5 Nxd5 5. Qa4+ Nc6 6. Ne5 {[%emt 0:02:08] LiveBook: 33 Games} Ndb4 7. a3 Nc2+ 8. Qxc2 Nxe5 9. g3 Bd7 10. Bg2 $11 Bc6 11. O-O e6 12. d3 Be7 13. Bd2 1/2-1/2

[Event "22nd Hoogeveen Open 2018"]
[Site "Hoogeveen"]
[Date "2018.10.26"]
[Round "8"]
[White "Tomilova, Elena"]
[Black "Konings, Frans"]
[Result "0-1"]
[ECO "B06"]
[WhiteElo "2328"]
[BlackElo "2195"]
[Annotator "NA"]
[PlyCount "82"]
[EventDate "2018.10.20"]
[EventType "swiss"]
[EventCountry "NED"]
[SourceTitle "playchess.com"]
[Source "ChessBase"]
[SourceQuality "1"]
[TimeControl "40/5400+30:1800+30"]

1. Nf3 g6 2. d4 Bg7 3. e4 d6 4. Bc4 e6 5. Bb3 Ne7 6. Qe2 {[%emt 0:01:41] LiveBook: 4 Games} a5 7. a4 b6 8. Nbd2 {[%emt 0:00:30] [#]} (8. O-O $11) 8... Ba6 (8... d5 $1 $17) 9. Bc4 O-O 10. O-O Bxc4 11. Nxc4 Nbc6 12. c3 Qc8 13. Re1 Qa6 $14 14. Na3 Qxe2 15. Rxe2 Na7 16. Be3 h6 17. h4 Rae8 18. Rae1 Kh7 19. Bc1 Rb8 20. c4 Nec6 21. Rd1 e5 22. d5 Nd8 23. Nd2 f5 24. exf5 gxf5 25. f4 Nb7 26. Nb3 Rf7 27. Be3 Nc5 28. Bxc5 bxc5 29. Nb5 Nxb5 30. cxb5 exf4 31. Rde1 Bf6 32. h5 Rg8 33. Re8 Rg3 34. Nc1 Rfg7 35. Kf1 Rxg2 36. Nd3 Bh4 37. R1e6 f3 38. Rg6 Rd2 39. Rxg7+ Kxg7 40. Re3 Rd1+ 41. Ne1 f2 0-1

[Event "22nd Hoogeveen Open 2018"]
[Site "Hoogeveen"]
[Date "2018.10.26"]
[Round "8"]
[White "Den Hartog, Marijn"]
[Black "Thrish Karthik"]
[Result "1/2-1/2"]
[ECO "D10"]
[WhiteElo "2296"]
[BlackElo "2116"]
[Annotator "NA"]
[PlyCount "114"]
[EventDate "2018.10.20"]
[EventType "swiss"]
[EventCountry "NED"]
[SourceTitle "playchess.com"]
[Source "ChessBase"]
[SourceQuality "1"]
[TimeControl "40/5400+30:1800+30"]

1. d4 d5 2. Nf3 Nf6 3. c4 c6 4. Qc2 g6 5. e3 Bg7 6. Nc3 O-O 7. Be2 a6 8. O-O b5 {[%emt 0:12:25] LiveBook: 4 Games} 9. cxd5 cxd5 10. b4 Bf5 11. Qb3 Nc6 12. Bd2 Qd6 13. Rfc1 $11 Rab8 14. a3 e5 15. dxe5 Nxe5 16. Nxe5 Qxe5 17. Bf3 Bd3 18. Ne2 Bxe2 19. Bc3 Qf5 20. Bxe2 Ne4 21. Bxg7 Qxf2+ 22. Kh1 Kxg7 23. Ra2 Rbc8 24. Rf1 Qh4 25. Kg1 Nc3 26. Rc2 Nxe2+ 27. Rxe2 Qc4 28. Qb2+ Qc3 29. Rd1 Qxb2 30. Rxb2 Rc3 31. Rxd5 Rxa3 32. Re5 Rc8 33. Re4 Rcc3 34. Kf2 Rab3 35. Rd2 Rc7 36. Rd6 Rb2+ 37. Kf3 Rcc2 38. Rxa6 Rf2+ 39. Kg3 Rxg2+ 40. Kf4 Rxh2 41. Ke5 Rb3 42. Ra7 Rh3 43. Rf4 Rhxe3+ 44. Kd5 Rbd3+ 45. Kc5 Re5+ 46. Kc6 Re6+ 47. Kxb5 Rf6 48. Re4 h5 49. Rc7 g5 50. Rc5 Rg6 51. Re7 Rf3 52. Ree5 f6 53. Re8 g4 54. Rxh5 f5 55. Rc8 Re3 56. Rxf5 g3 57. Rc1 Rg4 1/2-1/2

[Event "22nd Hoogeveen Open 2018"]
[Site "Hoogeveen"]
[Date "2018.10.26"]
[Round "8"]
[White "Ojas Kulkarni"]
[Black "Miedema, David"]
[Result "1/2-1/2"]
[ECO "E21"]
[WhiteElo "2254"]
[BlackElo "2379"]
[Annotator "NA"]
[PlyCount "37"]
[EventDate "2018.10.20"]
[EventType "swiss"]
[EventCountry "NED"]
[SourceTitle "playchess.com"]
[Source "ChessBase"]
[SourceQuality "1"]
[TimeControl "40/5400+30:1800+30"]

1. d4 Nf6 2. c4 e6 3. Nc3 Bb4 4. Nf3 b6 5. Bd2 O-O 6. e3 Bxc3 7. Bxc3 Ne4 {[%emt 0:00:03] LiveBook: 3 Partien} 8. Bb4 c5 9. Ba3 Bb7 10. Nd2 d6 11. Nxe4 $11 Bxe4 12. Bd3 Bxg2 13. Rg1 Bb7 14. Bxh7+ Kxh7 15. Qh5+ Kg8 16. Qh6 g6 17. Rxg6+ fxg6 18. Qxg6+ Kh8 19. Qh6+ 1/2-1/2

[Event "22nd Hoogeveen Open 2018"]
[Site "Hoogeveen"]
[Date "2018.10.26"]
[Round "8"]
[White "Blagojevic, Tijana"]
[Black "De Boer, Bas"]
[Result "1/2-1/2"]
[ECO "B48"]
[WhiteElo "2232"]
[BlackElo "2102"]
[Annotator "NA"]
[PlyCount "87"]
[EventDate "2018.10.20"]
[EventType "swiss"]
[EventCountry "NED"]
[SourceTitle "playchess.com"]
[Source "ChessBase"]
[SourceQuality "1"]
[TimeControl "40/5400+30:1800+30"]

1. e4 c5 2. Nf3 e6 3. d4 cxd4 4. Nxd4 Nc6 5. Nc3 Qc7 6. Be3 a6 7. Bd3 Nf6 8. O-O b5 9. Nxc6 Qxc6 10. Be2 Bd6 {[%emt 0:10:10] LiveBook: 3 Partien} 11. Bf3 Be5 $11 12. Bd4 d6 13. a3 O-O 14. Qd2 Bb7 15. Rad1 a5 16. Rfe1 Rac8 17. Rc1 Rfd8 18. Red1 Rd7 19. Ne2 Qa6 20. Bxe5 dxe5 21. Qg5 Rxc2 22. Qxe5 Rxc1 23. Rxc1 Qb6 24. h3 h6 25. b4 axb4 26. axb4 Rd2 27. Qb8+ Rd8 28. Qf4 e5 29. Qxe5 Re8 30. Qd4 Qxd4 31. Nxd4 Bxe4 32. Rc5 Bd3 33. Bc6 Re1+ 34. Kh2 Rb1 35. Bxb5 Bg6 36. Rc8+ Kh7 37. Nc6 Nd5 38. Ne5 Rxb4 39. Be8 Rf4 40. f3 Rf5 41. Nd7 h5 42. Nf8+ Kh6 43. Rc5 Ne3 44. Rc6 1/2-1/2

[Event "22nd Hoogeveen Open 2018"]
[Site "Hoogeveen"]
[Date "2018.10.26"]
[Round "8"]
[White "Kokje, Joris"]
[Black "Minko, Dmitry"]
[Result "0-1"]
[ECO "E04"]
[WhiteElo "2232"]
[BlackElo "2011"]
[Annotator "NA"]
[PlyCount "74"]
[EventDate "2018.10.20"]
[EventType "swiss"]
[EventCountry "NED"]
[SourceTitle "playchess.com"]
[Source "ChessBase"]
[SourceQuality "1"]
[TimeControl "40/5400+30:1800+30"]

1. d4 d5 2. c4 e6 3. Nf3 Nf6 4. g3 dxc4 5. Bg2 c5 6. O-O Nc6 7. Qa4 Bd7 8. Qxc4 b5 9. Qd3 c4 10. Qc2 Rc8 11. Bg5 Be7 {[%emt 0:08:50] LiveBook: 8 Games} 12. Rd1 $11 O-O 13. Nc3 Qb6 14. d5 Nb4 15. Qd2 Nbxd5 16. Ne5 Rfd8 17. Bxd5 exd5 18. Bxf6 Qxf6 19. Nxd7 Rxd7 20. Nxd5 Qe6 21. e4 Rcd8 22. Qe3 Bf8 23. Re1 f5 24. f3 Rxd5 25. exd5 Qxe3+ 26. Rxe3 Bc5 27. Kf2 Rxd5 28. Ke2 Bxe3 29. Kxe3 Rd3+ 30. Kf4 Kf7 31. a4 Kf6 32. h4 b4 33. Rc1 c3 34. bxc3 Rxc3 35. Rd1 b3 36. Rd6+ Ke7 37. Rd4 a5 0-1

[Event "22nd Hoogeveen Open 2018"]
[Site "Hoogeveen"]
[Date "2018.10.26"]
[Round "8"]
[White "Sparenberg, Erik"]
[Black "Maters, Arthur"]
[Result "1-0"]
[ECO "B50"]
[WhiteElo "2224"]
[BlackElo "1933"]
[Annotator "NA"]
[PlyCount "117"]
[EventDate "2018.10.20"]
[EventType "swiss"]
[EventCountry "NED"]
[SourceTitle "playchess.com"]
[Source "ChessBase"]
[SourceQuality "1"]
[TimeControl "40/5400+30:1800+30"]

1. e4 c5 2. Nf3 d6 3. c3 Nf6 4. Be2 Nc6 {[%emt 0:01:00] LiveBook: 319 Games} 5. d3 g6 6. O-O Bg7 7. Re1 O-O 8. Bf1 e6 9. d4 Nd7 $14 10. Na3 a6 11. Bg5 f6 12. Bh4 Qc7 13. d5 Nce5 14. dxe6 Nxf3+ 15. gxf3 Nb6 16. Bg3 Bxe6 17. Bxd6 Qc6 18. Bxf8 Bxf8 19. Qd2 Bd6 20. Rad1 Rd8 21. Qe3 Qc7 22. f4 Bg4 23. f3 Be6 24. e5 fxe5 25. fxe5 Bf8 26. Rxd8 Qxd8 27. c4 Qh4 28. f4 Bh6 29. Qg3 Qxf4 30. Qxf4 Bxf4 31. Bg2 Nd7 32. Bxb7 Nxe5 33. Re4 g5 34. Bd5 Kf7 35. Nb1 Kf6 36. Bxe6 Kxe6 37. Re2 Kf5 38. b3 h5 39. Nc3 g4 40. Kg2 Nf3 41. Rf2 Be3 42. Rxf3+ gxf3+ 43. Kxf3 Bf4 44. h3 Bc1 45. Nd5 a5 46. Nc3 Bb2 47. Ne4 Ba3 48. Nf2 Bb4 49. Nd3 Ba3 50. h4 Bb4 51. a4 Ba3 52. Nf4 Ke5 53. Nxh5 Kd4 54. Nf4 Kc3 55. h5 Kxb3 56. Nd3 Kxc4 57. Ke4 Bb4 58. h6 Bc3 59. Ne5+ {[%emt 0:00:05] Kd5+ [%emt 00:00:59]} 1-0

[Event "22nd Hoogeveen Open 2018"]
[Site "Hoogeveen"]
[Date "2018.10.26"]
[Round "8"]
[White "Murray, David"]
[Black "Bertholee, Rob"]
[Result "0-1"]
[ECO "C16"]
[WhiteElo "2222"]
[BlackElo "2334"]
[Annotator "NA"]
[PlyCount "92"]
[EventDate "2018.10.20"]
[EventType "swiss"]
[EventCountry "NED"]
[SourceTitle "playchess.com"]
[Source "ChessBase"]
[SourceQuality "1"]
[TimeControl "40/5400+30:1800+30"]

1. d4 e6 2. e4 d5 3. Nc3 Bb4 4. e5 b6 5. Qg4 Bf8 6. h4 Qd7 {[%emt 0:05:18] LiveBook: 23 Games} 7. a4 Ba6 8. Nb5 Ne7 $14 9. Bd3 Bb7 10. b3 a6 11. Na3 c5 12. c3 Nbc6 13. Nc2 Na5 14. Rb1 h5 15. Qe2 c4 16. bxc4 dxc4 17. Bxc4 Bxg2 18. Rh2 Bb7 19. Bd3 Qxa4 20. Rxb6 Nd5 21. Bxa6 Rxa6 22. Rxa6 Bxa6 23. Qxa6 Be7 24. Qa8+ Bd8 25. Ne3 Nxc3 26. Bb2 Qb4 27. Bxc3 Qxc3+ 28. Kf1 Qxd4 29. Nf3 Qd3+ 30. Kg2 O-O 31. Qa7 Qg6+ 32. Kh3 Qe4 33. Kg3 Nc6 34. Qb7 f5 35. Kg2 Rf7 36. Qa8 f4 37. Nf1 Rd7 38. Rh3 Rd3 39. Qc8 Kh7 40. N1h2 Qg6+ 41. Ng5+ Bxg5 42. Rxd3 Bxh4+ 43. Kh1 Bxf2 44. Ng4 hxg4 45. Qxc6 f3 46. Qc1 Qh5# {[%emt 0:00:09] Qc7 [%emt 00:00:02] Qg6 Qc8 [%emt 00:00:07]} 0-1